 Dungeon Crawl Stone Soup version 0.21.1-1-g345015f (webtiles) character file.

38 RitorJet the Skirmisher (level 3, -2/29 HPs)
             Began as a Mummy Fighter on Mar 2, 2018.
             Slain by an adder (4 damage)
             ... on level 2 of the Dungeon.
             The game lasted 00:01:27 (927 turns).

RitorJet the Skirmisher (Mummy Fighter)              Turns: 927, Time: 00:01:28

Health: -2/29      AC:  6    Str: 20    XL:     3   Next: 25%
Magic:  3/3        EV:  7    Int:  7    God:
Gold:   85         SH:  9    Dex: 11    Spells: 2/2 levels left

rFire    x . .     SeeInvis .   a - +0 flail
rCold    + . .     Gourm    .   c - +0 shield
rNeg     + + +     Faith    .   b - +0 scale mail
rPois    ∞         Spirit   .   (no helmet)
rElec    .         Reflect  .   (no cloak)
rCorr    .         Harm     .   (no gloves)
MR       .....                  (no boots)
Stlth    ..........             (no amulet)
HPRegen  0.09/turn              (no ring)
MPRegen  0.08/turn              (no ring)

@: no status effects
A: no food or potions, fire vulnerability, cold resistance 1, negative energy
resistance 3, torment resistance, unbreathing
a: no special abilities


You were on level 2 of the Dungeon.
You were not hungry.

You visited 1 branch of the dungeon, and saw 2 of its levels.

You collected 85 gold pieces.

Inventory:

Hand Weapons
 a - a +0 flail (weapon)
Armour
 b - a +0 scale mail (worn)
 c - a +0 shield (worn)
Scrolls
 d - 2 scrolls of remove curse {unknown}
 e - 2 scrolls of fear {unknown}
 f - a scroll of teleportation {unknown}
 g - a scroll of identify {unknown}


   Skills:
 + Level 3.2 Fighting
 + Level 2.0 Maces & Flails
 + Level 2.8 Armour
 + Level 0.2 Dodging
 + Level 2.7 Shields


You had 2 spell levels left.
You didn't know any spells.

Dungeon Overview and Level Annotations

Branches:
Dungeon (2/15)

Altars:
Ashenzari
Trog
Vehumet
Xom
Zin


Innate Abilities, Weirdness & Mutations

You do not eat or drink.
Your flesh is vulnerable to fire.
You are immune to poison.
Your flesh is cold resistant. (rC+)
You are immune to negative energy. (rN+++)
You are immune to unholy pain and torment.
You can survive without breathing.


Message History

You kill the jackal!
The adder bites you but does no damage.
You closely miss the adder. The adder closely misses you.
You block the adder's attack.
You closely miss the adder. You block the adder's attack.
The adder barely misses you.
You closely miss the adder. The adder barely misses you.
You closely miss the adder. The adder bites you.
* * * LOW HITPOINT WARNING * * *
The adder bites you.
* * * LOW HITPOINT WARNING * * *
You miss the adder. The adder bites you but does no damage.
You block the adder's attack.
You barely miss the adder. You block the adder's attack.
The adder bites you but does no damage.
You closely miss the adder. The adder barely misses you.
You completely miss the adder. You block the adder's attack.
The adder closely misses you.
You barely miss the adder. The adder bites you.
You die...

##...#.##..
#..........
#........
.##......#
.........#
#....SSs#
#..h..# #+#
#####.####.#
#.@S......#
#.##.###.)##
......###...##
###.#####.....#
#.
##...########
.. #.........)[
## ##.#########
#†# #.#


You could see an adder.

Vanquished Creatures
  A worm (D:2)
  A leopard gecko (D:1)
  A giant cockroach (D:2)
  A goblin (D:1)
  4 hobgoblins
  7 jackals
  6 kobolds
  A quokka (D:2)
  A ball python (D:2)
  3 bats (D:1)
  3 frilled lizards (D:1)
  3 rats
32 creatures vanquished.

Notes
Turn   | Place    | Note
-------+----------+-------------------------------------------
     0 | D:1      | RitorJet the Mummy Fighter began the quest for the Orb.
     0 | D:1      | Reached XP level 1. HP: 18/18 MP: 1/1
   110 | D:1      | Reached XP level 2. HP: 19/24 MP: 2/2
   481 | D:1      | Found a shattered altar of Ashenzari.
   483 | D:1      | Found a shimmering altar of Xom.
   483 | D:1      | Found a glowing silver altar of Zin.
   485 | D:1      | Found a radiant altar of Vehumet.
   485 | D:1      | Found a glowing silver altar of Zin.
   485 | D:1      | Found a bloodstained altar of Trog.
   859 | D:2      | Reached XP level 3. HP: 27/29 MP: 3/3
   922 | D:2      | HP: 1/29 [adder (3)]
   927 | D:2      | Slain by an adder

Skill      XL: |  1  2  3 |
---------------+----------+-----
Maces & Flails | 2 |  2.0
Fighting       | |  3.2
Armour         | |  2.8
Dodging        | |  0.2
Shields        | |  2.7

Action                   || total
-------------------------++-------
Melee: Flail             ||   126
Armor: Scale mail        ||    73
Dodge: Dodged            ||    37
Block: Shield            ||    61
